 Dungeon Crawl Stone Soup version 0.20-a0-277-g7db01f4 (webtiles) character file.

77 Leszczynek the Poker (level 4, -2/37 HPs)
             Began as a Mummy Wanderer on Dec 13, 2016.
             Slain by a gnoll
             ... wielding a +0 spear
              (6 damage)
             ... on level 4 of the Dungeon.
             The game lasted 00:07:03 (1230 turns).

Leszczynek the Poker (Mummy Wanderer)               Turns: 1230, Time: 00:07:04

Health: -2/37      AC:  3    Str: 14    XL:     4   Next: 13%
Magic:  4/4        EV: 10    Int: 12    God:
Gold:   29         SH:  3    Dex: 12    Spells: 3/3 levels left

rFire  x . .     SeeInvis .     j - +2 spear
rCold  + . .     Gourm    .     m - +0 leather armour
rNeg   + + +     Faith    .     c - +0 buckler
rPois  ∞         Spirit   .     (no helmet)
rElec  .         Reflect  .     (no cloak)
rCorr  .         Harm     .     (no gloves)
MR     .....                    (no boots)
Stlth  +.........               (no amulet)
                                (no ring)
                                (no ring)

@: no status effects
A: no food or potions, fire vulnerability, cold resistance 1, negative energy
resistance 3, torment resistance, unbreathing
a: no special abilities


You were on level 4 of the Dungeon.
You were not hungry.

You visited 1 branch of the dungeon, and saw 5 of its levels.

You collected 29 gold pieces.

Inventory:

Hand Weapons
 a - a +0 war axe
 b - a +0 short sword
 d - a cursed -1 whip
 j - a +2 spear (weapon)
Armour
 c - a +0 buckler (worn)
 m - a +0 leather armour (worn)
Wands
 h - a wand of acid (8/15)
Scrolls
 e - 4 scrolls of remove curse
 f - 3 scrolls of recharging {unknown}
 g - 2 scrolls of identify {unknown}
 i - a scroll of amnesia {unknown}
 k - 2 scrolls of enchant armour {unknown}
 l - a scroll of noise {unknown}
 n - a scroll of blinking {unknown}


   Skills:
 - Level 4.0 Fighting
 - Level 0.8(2.7) Axes
 + Level 0.5(0.9) Maces & Flails
 - Level 4.1 Polearms
 - Level 1.0 Throwing
 - Level 1.0 Dodging
 - Level 1.0 Shields


You had 3 spell levels left.
You didn't know any spells.

Dungeon Overview and Level Annotations

Branches:
Dungeon (5/15)
 Temple: D:4-7

Altars:
Ashenzari
Fedhas
Nemelex Xobeh
Xom

Annotations:
D:5 DEFE's ghost, novice DEFi


Innate Abilities, Weirdness & Mutations

You do not eat or drink.
Your flesh is vulnerable to fire.
You are immune to poison.
Your flesh is cold resistant. (rC+)
You are immune to negative energy. (rN+++)
You are immune to unholy pain and torment.
You can survive without breathing.


Message History

You can't drink.
Wield which item (- for none, * to show all)? (? for menu, Esc to quit)
j - a +2 spear (weapon)
You hit the gnoll but do no damage.
The gnoll is moderately wounded.
The gnoll completely misses you.
You hit the gnoll.
The gnoll is heavily wounded.
The gnoll hits you with a spear.
* * * LOW HITPOINT WARNING * * *
You barely miss the gnoll.
The gnoll is heavily wounded.
The gnoll closely misses you.
You hit the gnoll.
The gnoll is heavily wounded.
The gnoll completely misses you.
You barely miss the gnoll.
The gnoll is heavily wounded.
The gnoll hits you with a spear.
You die...

.#
#.#.#####.##.#...######.#
.#
#.........!......#.......#
.#
#.........##.#...#.#######
## #...####...#.#...#
#..## #.....#.#.# #...#
#...###.#.# #.#.# #...#
#.#.# #####.#.## #...# #
.........###.@.###.#
......##.#...g.....#
...#####...#....####
...#####...#....# ..
#.......#....#
#.#<....#....#
###...#..).# ..#.##'###
......#.#


You could see a gnoll.

Vanquished Creatures
  Ijyb (D:2)
  An adder (D:3)
  A dart slug (D:3)
  A leopard gecko (D:1)
  2 orcs (D:4)
  2 giant cockroaches (D:1)
  3 goblins
  2 hobgoblins (D:3)
  7 jackals
  2 ball pythons
  4 bats
  3 frilled lizards
  4 kobolds
  3 rats
36 creatures vanquished.

Notes
Turn   | Place    | Note
-------+----------+-------------------------------------------
     0 | D:1      | Leszczynek the Mummy Wanderer began the quest for the Orb.
     0 | D:1      | Leszczynek set off with: a +2 spear, a +0 short sword, a +0 buckler, a +0 robe
     0 | D:1      | Reached XP level 1. HP: 16/16 MP: 1/1
    95 | D:2      | Found a blossoming altar of Fedhas.
   306 | D:1      | Reached XP level 2. HP: 23/23 MP: 2/2
   366 | D:1      | Reached skill level 3 in Fighting
   501 | D:2      | Noticed Ijyb
   524 | D:2      | Killed Ijyb
   524 | D:2      | Reached XP level 3. HP: 19/30 MP: 3/3
   537 | D:2      | Reached skill level 4 in Fighting
   575 | D:2      | Found a faded altar of an unknown god.
   685 | D:3      | Found a sparkling altar of Nemelex Xobeh.
   694 | D:3      | Found a shimmering altar of Xom.
   796 | D:3      | Found a shattered altar of Ashenzari.
   931 | D:5      | Entered Level 5 of the Dungeon
   943 | D:5      | Noticed DEFE's ghost (novice DEFi)
  1088 | D:3      | Reached XP level 4. HP: 31/37 MP: 4/4
  1141 | D:4      | Noticed a phantom
  1230 | D:4      | Slain by a gnoll

Vault maps used:
D:1:      lemuel_arrival_muddy, minivault_14, minivault_19
D:2:      chequers_ecumenical_altar_simple, fedhas_altar_3, uniq_iyjb
D:3:      minmay_door_path, lemuel_crystal_altar, ashenzari_conservatory_becter,
          cheibriados_altar_1, serial_corexii_hall, corexii_hall_statues_i,
          corexii_hall_statues_u, nemelex_lonely_heart_becter, uniq_grinder
D:4:      minivault_25
D:5:      first_bread

Skill      XL: |  1  2  3 |
---------------+----------+-----
Fighting       | 3 4 |  4.0
Axes           | |  0.8
Maces & Flails | |  0.5
Polearms       | |  4.1
Throwing       | |  1.0
Dodging        | |  1.0
Shields        | |  1.0

Action                   |  1- 3 |  4- 6 || total
-------------------------+-------+-------++-------
Melee: Spear             |   101 |     5 ||   106
       War axe           |    45 |     9 ||    54
  Use: Scroll            |     1 |       ||     1
Armor: Robe              |    24 |       ||    24
       Leather armour    |     9 |       ||     9
Dodge: Dodged            |    72 |    11 ||    83
Block: Buckler           |    27 |     1 ||    28
